 Dungeon Crawl Stone Soup version 0.24-a0-619-gb7544fd (webtiles) character file.

Game seed: 17923934461281359725, levelgen mode: deterministic

1036 Firecrotchwizard the Spear-Bearer (level 8, 0/61 HPs)
             Began as a Merfolk Skald on Sept 19, 2019.
             Succumbed to a killer bee's poison
             ... on level 6 of the Dungeon.
             The game lasted 00:14:35 (6213 turns).

Firecrotchwizard the Spear-Bearer (Merfolk Skald)   Turns: 6213, Time: 00:14:36

Health: 0/61       AC:  9    Str: 12    XL:     8   Next: 24%
Magic:  1/11       EV: 14    Int: 14    God:
Gold:   221        SH:  0    Dex: 13    Spells: 7/11 levels left

rFire    . . .     SeeInvis +   a - +1 spear
rCold    . . .     Gourm    .   (no shield)
rNeg     . . .     Faith    .   C - +0 scale mail
rPois    .         Spirit   .   (no helmet)
rElec    .         Reflect  .   n - +1 cloak
rCorr    .         Harm     .   z - +0 pair of gloves
MR       .....                  (no boots)
Stlth    ..........             (no amulet)
HPRegen  0.20/turn              s - ring of see invisible {sInv, !d}
MPRegen  0.12/turn              h - +3 ring of evasion

@: lethally poisoned (0 -> -9)
A: change form in water, swift swim, stealthy swim
a: no special abilities


You were on level 6 of the Dungeon.
You were not hungry.

You visited 1 branch of the dungeon, and saw 6 of its levels.

You collected 221 gold pieces.

Inventory:

Hand Weapons
 a - a +1 spear (weapon)
Missiles
 l - a throwing net {=f, !d}
Armour
 b - a +0 leather armour
 c - a +0 leather armour
   (You found it on level 1 of the Dungeon)
 n - a +1 cloak (worn)
   (You found it on level 3 of the Dungeon)
 p - a +0 ring mail
   (You found it on level 3 of the Dungeon)
 z - a +0 pair of gloves (worn)
   (You found it on level 5 of the Dungeon)
 C - a +0 scale mail (worn)
   (You found it on level 5 of the Dungeon)
Magical Staves
 r - an uncursed staff of fire {unknown}
   (You found it on level 3 of the Dungeon)
Jewellery
 h - a +3 ring of evasion (right hand)
   (You found it on level 2 of the Dungeon)
 o - an uncursed ring of protection from fire {rF+, !d}
   (You found it on level 4 of the Dungeon)
 s - a ring of see invisible (left hand) {sInv, !d}
   (You found it on level 4 of the Dungeon)
 t - a +3 ring of strength
   (You found it on level 5 of the Dungeon)
 A - an uncursed ring of wizardry {Wiz+, !d}
   (You found it on level 5 of the Dungeon)
Wands
 k - a wand of clouds (3)
   (You found it on level 2 of the Dungeon)
Scrolls
 g - 3 scrolls of blinking {!r}
 q - a scroll of remove curse
 x - a scroll of immolation {!r}
 y - a scroll of enchant weapon
 B - 3 scrolls of identify
Potions
 e - a potion of haste {unknown}
 f - 2 potions of lignification {!q}
 i - 2 potions of heal wounds {unknown}
 j - a potion of flight {unknown}
 m - 4 potions of brilliance
 u - 2 potions of curing
 v - a potion of resistance {unknown}
 w - a potion of berserk rage {unknown}
Comestibles
 d - 9 rations


   Skills:
 + Level 4.9 Fighting
 * Level 9.0 Polearms
 - Level 0.6 Armour
 + Level 6.0 Dodging
 - Level 2.0 Spellcasting
 + Level 3.6 Hexes
 - Level 3.6 Charms


You had 7 spell levels left.
You knew the following spells:

 Your Spells              Type           Power        Failure   Level  Hunger
a - Infusion              Chrm           ##..         28%         1    ##.....
z - Spectral Weapon       Hex/Chrm       ##......     65%         3    ####...

Your spell library contained the following spells:

 Spells                   Type           Power        Failure   Level  Hunger
 Slow                     Hex            ##......     41%         2    ###....
 Song of Slaying          Chrm           ##......     41%         2    ###....
 Shroud of Golubria       Chrm/Tloc      #.....       67%         2    ###....
 Magic Dart               Conj           #...         77%         1    ##.....
 Blink                    Tloc           N/A          88%         2    ###....
 Call Imp                 Summ           #.......     88%         2    ###....
 Regeneration             Chrm/Necr      #.........   88%         3    ####...
 Conjure Flame            Conj/Fire      #.......     98%         3    ####...
 Mephitic Cloud           Conj/Pois/Air  #.......     98%         3    ####...


Dungeon Overview and Level Annotations

Branches:
Dungeon (6/15)
 Temple: D:4-7

Altars:
Sif Muna
Xom

Shops:
D:5 [


Message History

The killer bee poisons you! The killer bee barely misses you.
You take 4 damage, and have 56/61 hp.
You closely miss the killer bee.
You feel sick. The killer bee closely misses you.
You hit the killer bee.
You feel sick. The killer bee stings you.
You take 5 damage, and have 51/61 hp.
You now have 5/11 mp.
You closely miss the killer bee. The killer bee misses you.
The killer bee barely misses you.
You barely miss the killer bee.
You feel sick.
The killer bee stings you but does no damage.
You take 1 damage, and have 50/61 hp.
You hit the killer bee. The killer bee barely misses you.
You now have 4/11 mp.
You hit the killer bee.
You kill the killer bee!
You now have 3/11 mp.
You closely miss the killer bee.
You feel sick. The killer bee barely misses you.
The killer bee stings you but does no damage.
You take 1 damage, and have 49/61 hp.
You hit the killer bee.
Your magical infusion is running out.
The killer bee stings you but does no damage.
You now have 2/11 mp.
You hit the killer bee.
You feel sick. The killer bee stings you.
Your magical contamination has completely faded away.
You take 4 damage, and have 45/61 hp.
You now have 1/11 mp.
You barely miss the killer bee. The killer bee barely misses you.
You miss the killer bee. The killer bee barely misses you.
The killer bee closely misses you.
You closely miss the killer bee. The killer bee stings you.
You take 2 damage, and have 43/61 hp.
You closely miss the killer bee.
You feel sick.
The killer bee stings you but does no damage.
You take 1 damage, and have 42/61 hp.
You miss the killer bee. The killer bee barely misses you.
You puncture the killer bee! The killer bee stings you!
You are more poisoned.
The killer bee poisons you! The killer bee misses you.
You take 7 damage, and have 35/61 hp.
You hit the killer bee.
You kill the killer bee!
Your Dodging skill increases to level 6!
You feel sick. The killer bee barely misses you.
You take 1 damage, and have 34/61 hp.
You now have 1/11 mp.
You hit the killer bee but do no damage.
You feel sick.
The killer bee stings you but does no damage.
You hit the killer bee.
You are no longer magically infusing your attacks.
The killer bee barely misses you.
The killer bee stings you but does no damage.
You now have 0/11 mp.
You hit the killer bee.
You feel sick. The killer bee stings you.
You take 3 damage, and have 31/61 hp.
You closely miss the killer bee.
You feel sick. The killer bee closely misses you.
You take 1 damage, and have 30/61 hp.
You miss the killer bee. The killer bee stings you!
The killer bee closely misses you.
You take 8 damage, and have 22/61 hp.
You closely miss the killer bee.
You feel sick. The killer bee stings you!
* * * LOW HITPOINT WARNING * * *
You take 8 damage, and have 14/61 hp.
You miss the killer bee. The killer bee barely misses you.
You closely miss the killer bee.
You feel sick. The killer bee closely misses you.
You puncture the killer bee!
The killer bee stings you but does no damage.
The killer bee stings you.
* * * LOW HITPOINT WARNING * * *
You take 2 damage, and have 12/61 hp.
Unknown command.
You hit the killer bee.
You feel sick.
The killer bee stings you but does no damage.
You take 1 damage, and have 11/61 hp.
You closely miss the killer bee.
The killer bee stings you but does no damage.
You miss the killer bee.
You feel sick.
The killer bee stings you but does no damage.
The killer bee stings you.
* * * LOW HITPOINT WARNING * * *
You take 3 damage, and have 8/61 hp.
You closely miss the killer bee. The killer bee completely misses you.
You closely miss the killer bee. The killer bee closely misses you.
You hit the killer bee but do no damage.
You feel sick. The killer bee barely misses you. The killer bee stings you.
* * * LOW HITPOINT WARNING * * *
You are more poisoned.
The killer bee poisons you!
You take 7 damage, and have 1/61 hp.
You hit the killer bee but do no damage.
The killer bee stings you but does no damage.
You hit the killer bee.
You kill the killer bee!
Your Polearms skill increases to level 9!
* * * LOW HITPOINT WARNING * * *
You feel sick.
You take 1 damage, and have 1/61 hp.
You die...

#............#
#.#.###......##
#.#.###.......#
#.#...#.......#
#.#........#
#........####.#
####.###......#
####.###.######
#..@....#.....#####.
#.##...#.##.#<......
#.##.....##.########
#.##........#
#.###.......#
#.####.###.##
#......##...#
#########...# #...#


There were no monsters in sight!

Vanquished Creatures
  Duvessa (D:5)
  2 sky beasts
  Dowan (D:5)
  5 killer bees
  A jelly (D:5)
  A bullfrog zombie (D:6)
  2 crimson imps (D:5)
  An orc priest (D:4)
  A bullfrog skeleton (D:6)
  An orc wizard (D:5)
  A worker ant (D:4)
  4 gnolls
  A howler monkey skeleton (D:4)
  7 adders
  2 oozes
  An adder skeleton (D:5)
  2 worms (D:2)
  A dart slug (D:1)
  3 leopard geckos (D:2)
  11 orcs
  6 giant cockroaches
  6 goblins
  6 hobgoblins (D:1)
  8 jackals
  A quokka (D:2)
  8 bats
  7 frilled lizards
  5 kobolds
  A leopard gecko skeleton (D:4)
  A quokka skeleton (D:5)
  12 rats
110 creatures vanquished.

Vanquished Creatures (others)
  Ijyb (D:3)
1 creature vanquished.

Grand Total: 111 creatures vanquished

Notes
Turn   | Place    | Note
-------+----------+-------------------------------------------
     0 | D:1      | Firecrotchwizard the Merfolk Skald began the quest for the
                  | Orb.
     0 | D:1      | Reached XP level 1. HP: 16/16 MP: 3/3
   132 | D:1      | Reached XP level 2. HP: 16/23 MP: 0/5
   291 | D:1      | Reached skill level 3 in Dodging
   799 | D:1      | Reached XP level 3. HP: 26/28 MP: 6/6
   812 | D:1      | Reached skill level 4 in Polearms
  1010 | D:2      | Learned a level 3 spell: Spectral Weapon
  1496 | D:2      | Reached XP level 4. HP: 32/34 MP: 2/7
  1737 | D:2      | Found a shimmering blue altar of Sif Muna.
  1887 | D:2      | HP: 8/34 [poisoned by an adder]
  2588 | D:3      | Reached skill level 1 in Hexes
  2700 | D:3      | Noticed Ijyb
  2711 | D:3      | Killed Ijyb
  2711 | D:3      | Reached skill level 3 in Fighting
  3249 | D:4      | Reached skill level 5 in Polearms
  3268 | D:4      | Reached XP level 5. HP: 29/41 MP: 2/8
  3637 | D:4      | Reached skill level 4 in Dodging
  3954 | D:4      | Noticed an ogre
  4107 | D:4      | Reached skill level 6 in Polearms
  4196 | D:3      | Reached XP level 6. HP: 42/47 MP: 4/9
  4443 | D:5      | Entered Level 5 of the Dungeon
  4582 | D:5      | Reached skill level 2 in Hexes
  4583 | D:5      | Noticed Duvessa
  4583 | D:5      | Noticed Dowan
  4850 | D:5      | Found Vucug's Antique Armour Shop.
  4927 | D:5      | Found a shimmering altar of Xom.
  4944 | D:5      | Noticed a sky beast
  4961 | D:5      | Killed a sky beast
  4961 | D:5      | Reached skill level 4 in Fighting
  4961 | D:5      | Reached skill level 7 in Polearms
  4961 | D:5      | Reached skill level 5 in Dodging
  4961 | D:5      | Reached XP level 7. HP: 54/54 MP: 1/10
  5295 | D:5      | Killed Duvessa
  5304 | D:5      | Killed Dowan
  5557 | D:6      | Reached skill level 8 in Polearms
  5557 | D:6      | Reached skill level 3 in Hexes
  5753 | D:5      | HP: 13/55 [poisoned by a killer bee]
  5760 | D:5      | HP: 12/55 [poisoned by a killer bee]
  5768 | D:5      | HP: 12/55 [poisoned by a killer bee]
  6144 | D:6      | Reached XP level 8. HP: 61/61 MP: 11/11
  6195 | D:6      | Reached skill level 6 in Dodging
  6201 | D:6      | HP: 14/61 [killer bee (7)]
  6207 | D:6      | HP: 10/61 [poisoned by a killer bee]
  6210 | D:6      | HP: 1/61 [killer bee (6)]
  6212 | D:6      | Reached skill level 9 in Polearms
  6213 | D:6      | Succumbed to a killer bee's poison

Levels and vault maps discovered:
D:1:      roderic_dead_forest, layout_loops_ring
D:2:      layout_basic, led_sif_pool
D:3:      layout_basic, minmay_misc_feat_pillars, nicolae_underground_beach,
          uniq_ijyb
D:4:      layout_cave_pools, first_ration
D:5:      layout_basic, serial_shops, nicolae_shop_stone, lemuel_tele_altar,
          uniq_duvessa
D:6:      layout_loops_cross, gammafunk_temple_overflow_forgotten,
          minmay_temple_entry_fiery, serial_shops, kennysheep_mini, shop

Skill      XL: |  1  2  3  4  5  6  7  8 |
---------------+-------------------------+-----
Dodging        | 3 4 5 6 |  6.0
Polearms       | 4 5 6 7 8 9 |  9.0
Hexes          | 1 2 3 |  3.6
Fighting       | 3 4 |  4.9
Armour         | |  0.6
Spellcasting   | |  2.0
Charms         | |  3.6

Action                   |  1- 3 |  4- 6 |  7- 9 || total
-------------------------+-------+-------+-------++-------
Melee: Spear             |   162 |   313 |   174 ||   649
 Cast: Infusion          |     6 |    16 |     5 ||    27
  Use: Potion            |       |     1 |       ||     1
       Scroll            |       |     8 |       ||     8
 Stab: Sleeping          |       |     1 |       ||     1
  Eat: Chunk             |     2 |    12 |     1 ||    15
       Ration            |       |       |     1 ||     1
Armor: Leather armour    |    26 |    18 |       ||    44
       Ring mail         |       |    56 |    13 ||    69
       Skin              |       |     1 |       ||     1
       Scale mail        |       |       |    40 ||    40
Dodge: Dodged            |    84 |   210 |    91 ||   385

Table legend:
 A = Non-vault XP
 B = Vault XP
 C = Vault XP percentage of total XP
 D = Non-vault monster count
 E = Vault monster count
 F = Vault count percentage of total count
                 A         B        C        D         E       F
            +---------+---------+-------+---------+---------+-------
      Total |    1246 |     235 |  15.9 |     108 |       3 |   2.7
            +---------+---------+-------+---------+---------+-------
        D:1 |      40 |       0 |   0.0 |      24 |       0 |   0.0
        D:2 |      72 |       0 |   0.0 |      28 |       0 |   0.0
        D:3 |      47 |       8 |  14.5 |      11 |       1 |   8.3
        D:4 |     191 |       0 |   0.0 |      24 |       0 |   0.0
        D:5 |     422 |     227 |  35.0 |      14 |       2 |  12.5
        D:6 |     474 |       0 |   0.0 |       7 |       0 |   0.0
            +---------+---------+-------+---------+---------+-------

Levels and vault maps discovered:
D:1:      roderic_dead_forest, layout_loops_ring
D:2:      layout_basic, led_sif_pool
D:3:      layout_basic, minmay_misc_feat_pillars, nicolae_underground_beach,
          uniq_ijyb
D:4:      layout_cave_pools, first_ration
D:5:      layout_basic, serial_shops, nicolae_shop_stone, lemuel_tele_altar,
          uniq_duvessa
D:6:      layout_loops_cross, gammafunk_temple_overflow_forgotten,
          minmay_temple_entry_fiery, serial_shops, kennysheep_mini, shop

Table legend:
 A = Turns spent in this place as a percentage of turns spent in the entire game.
 B = Non-inter-level travel turns spent in this place as a percentage of non-inter-level travel turns spent in the entire game.
 C = Inter-level travel turns spent in this place as a percentage of turns spent in this place.
 D = Turns resting spent in this place as a percentage of non-inter-level travel turns spent in this place.
 E = Turns spent auto-exploring this place as a percentage of non-inter-level travel turns spent in this place.
 F = Non-inter-level travel turns spent in this place divided by the number of levels of this place that you've seen.
                   A       B       C       D       E      F
               +-------+-------+-------+-------+-------+----------------------
         Total | 100.0 | 100.0 |   7.0 |  35.2 |  40.7 | 963.3
       Dungeon | 100.0 | 100.0 |   7.0 |  35.2 |  40.7 | 963.3
               +-------+-------+-------+-------+-------+----------------------

Table legend:
 A = Kills in this place as a percentage of kills in entire the game.
 B = Kills by you in this place as a percentage of kills by you in the entire game.
 C = Kills by friends in this place as a percentage of kills by friends in the entire game.
 D = Other kills in this place as a percentage of other kills in the entire game.
 E = Experience gained in this place as a percentage of experience gained in the entire game.
 F = Experience gained in this place divided by the number of levels of this place that you have seen.
                   A       B       C       D       E      F
               +-------+-------+-------+-------+-------+----------------------
         Total | 100.0 | 100.0 |   N/A | 100.0 | 100.0 | 246.8
       Dungeon | 100.0 | 100.0 |   N/A | 100.0 | 100.0 | 246.8
               +-------+-------+-------+-------+-------+----------------------
